Map: Abyssal Reef LE

Players

ZhuGeLiang - Winner!

  • Race: Zerg Zerg
  • Spawn Location: 11:00

BackupA

  • Race: Zerg Zerg
  • Spawn Location: 5:00

Event: WCS Valencia 2017

VOD

Have the link to the VOD?

Description

Time

  • Played on: July 13, 2017, 7:40 a.m.
  • Length: 9:50

All games in this series

Show
View Real Time Build Order
Export as new Build Order

ZhuGeLiang Zerg - Winner!

Build Orders: Hatch First 

Get SALT Encoding   

  12  0:01  Drone  
  13  0:12  Overlord  
  13  0:17  Drone  
  14  0:31  Drone x2  
  14  0:34  Drone  
  17  0:53  Hatchery  
  17  0:55  Drone  
  17  1:10  Spawning Pool  
  16  1:12  Drone  
  16  1:16  Drone  
  16  1:17  Extractor  
  17  1:20  Drone  
  18  1:28  Drone  
  19  1:39  Overlord  
  19  1:49  Drone  
  20  1:56  Queen  
  20  2:01  Zergling x2  
  23  2:04  Queen  
  23  2:05  Drone  
  26  2:11  Drone  
  27  2:17  Drone  
  27  2:22  Roach Warren, Drone  
  28  2:27  Drone  
  29  2:32  Queen  
  29  2:37  Overlord  
  31  2:40  Drone  
  31  2:43  Drone  
  33  2:51  Drone  
  33  2:58  Drone  
  35  2:59  Drone  
  35  3:03  Overlord  
  35  3:07  Roach x3  
  41  3:14  Roach, Overlord  
  41  3:15  Drone  
  44  3:29  Hatchery  
  43  3:39  Roach  
  43  3:40  Roach x2  
  49  3:42  Drone x2  
  51  3:49  Evolution Chamber, Drone x2  
  51  3:50  Drone  
  51  3:52  Drone  
  54  3:57  Drone x2  
  56  4:04  Drone x3  
  56  4:06  Pneumatized Carapace  
  59  4:13  Extractor, Overlord  
  59  4:16  Zerg Missile Weapons Level 1  
  58  4:19  Roach  
  58  4:20  Overlord  
  60  4:26  Extractor  
  59  4:33  Drone  
  59  4:34  Drone x4  
  64  4:42  Drone  
  65  4:46  Drone  
  65  4:47  Drone x4  
  70  4:54  Overlord  
  70  4:55  Lair  
  70  4:56  Overlord  
  70  4:58  Drone x3  
  73  5:01  Roach  
  75  5:07  Roach  
  75  5:08  Roach  
  75  5:11  Drone  
  75  5:13  Drone  
  75  5:14  Drone  
  82  5:16  Extractor  
  82  5:17  Extractor, Roach x3  
  86  5:22  Drone x3  
  89  5:42  Roach x4  
  97  5:43  Overlord x3  
  97  5:48  Overlord x2  
  97  5:52  Overlord  
  97  5:54  Overlord  
  97  5:55  Glial Reconstitution  
  97  5:57  Ravager  
  97  5:58  Overlord  
  97  6:02  Roach x5  
  108  6:07  Ravager x2  
  98  6:19  Roach x7  
  92  6:30  Roach x4  
  92  6:32  Roach  
  82  6:44  Roach x4  
  82  6:48  Roach x2  
  82  6:50  Roach  
  82  6:53  Roach  
  86  6:55  Ravager x2  
  86  7:00  Roach x2  
  91  7:06  Roach x2  
  91  7:08  Roach  
  95  7:12  Ravager  
  96  7:16  Roach x2  
  92  7:30  Hatchery  
  92  7:31  Roach x2  
  92  7:34  Ravager  
  92  7:35  Roach  
  94  7:39  Roach x2  
  94  7:42  Roach  
  100  7:45  Roach  
  102  7:55  Queen  
  104  8:00  Roach x2  
  104  8:03  Roach  
  110  8:10  Roach  
  110  8:11  Roach x2  
  116  8:25  Drone x6  
  122  8:28  Drone  
  122  8:32  Ravager  
  124  8:37  Roach x2  
  124  8:38  Ravager  
  124  8:39  Ravager x2  
  131  8:43  Queen  
  131  8:44  Roach x2  
  135  8:56  Roach x4  
  135  9:02  Roach x2  
  145  9:10  Roach  
  145  9:11  Roach x3  
  145  9:12  Ravager  
  145  9:14  Overlord  
  151  9:22  Overlord x2  
  151  9:23  Roach  
  153  9:27  Ravager  
Show
View Real Time Build Order
Export as new Build Order

BackupA Zerg 

Build Orders: Hatch First 

Get SALT Encoding   

  12  0:00  Drone  
  13  0:13  Overlord  
  13  0:17  Drone  
  14  0:32  Drone x2  
  14  0:35  Drone  
  17  0:53  Hatchery  
  17  0:55  Drone  
  17  0:58  Extractor  
  17  1:01  Drone  
  17  1:16  Spawning Pool  
  16  1:18  Drone  
  16  1:22  Drone  
  18  1:29  Drone  
  19  1:42  Overlord  
  19  2:03  Zergling x4, Metabolic Boost  
  19  2:04  Queen  
  19  2:07  Queen  
  25  2:11  Drone  
  26  2:17  Drone x2  
  28  2:26  Baneling Nest  
  28  2:28  Drone  
  28  2:30  Zergling x2  
  28  2:35  Drone  
  30  2:40  Drone  
  31  2:51  Drone  
  31  3:03  Drone  
  31  3:04  Drone  
  33  3:05  Hatchery  
  33  3:09  Zergling x2  
  33  3:10  Zergling x2  
  34  3:15  Overlord  
  34  3:18  Drone  
  34  3:27  Evolution Chamber  
  34  3:29  Drone x2  
  35  3:35  Zergling x6  
  35  3:41  Drone  
  38  3:45  Drone x2  
  38  3:46  Drone  
  41  3:49  Extractor  
  41  3:50  Roach Warren  
  39  3:57  Drone, Overlord  
  39  4:01  Drone  
  41  4:03  Zerg Missile Weapons Level 1  
  41  4:09  Overlord  
  41  4:12  Drone x2  
  43  4:21  Extractor  
  43  4:23  Drone  
  43  4:24  Drone x3  
  43  4:28  Queen  
  47  4:43  Roach x3  
  47  4:44  Roach x2  
  57  4:48  Roach x2  
  61  4:54  Roach x2  
  65  5:01  Overlord x2  
  65  5:09  Overlord  
  65  5:21  Ravager  
  65  5:22  Ravager x2  
  65  5:23  Zergling x12  
  65  5:24  Zergling x4  
  73  5:41  Zergling x10  
  73  5:42  Zergling x4  
  79  5:52  Roach x3  
  85  6:01  Roach x2  
  80  6:20  Roach x3  
  80  6:21  Roach x2  
  82  6:27  Zergling x8  
  82  6:30  Roach x2  
  85  6:46  Roach  
  85  6:47  Roach x3  
  88  6:52  Drone x2  
  88  6:57  Overlord x2  
  88  7:04  Queen  
  82  7:20  Drone x3  
  82  7:21  Queen  
  75  7:23  Overlord x2  
  75  7:29  Roach x4  
  78  7:35  Roach  
  77  7:40  Roach x2  
  81  7:47  Roach x2  
  85  7:54  Overlord  
  85  8:05  Drone x5  
  88  8:12  Overlord x2  
  90  8:16  Roach x2  
  94  8:21  Ravager x3  
  94  8:24  Roach x2  
  100  8:32  Roach x2  
  104  8:37  Roach x2  
  108  8:42  Roach  
  108  8:43  Roach x2  
  114  8:53  Roach x4  
  112  8:58  Roach x2  
  116  9:04  Roach x2  
  117  9:10  Overlord  
  117  9:11  Overlord  
  117  9:12  Overlord  
  117  9:19  Roach x2  
  117  9:24  Overlord  
  121  9:25  Overlord  
  123  9:31  Ravager x4  
  123  9:32  Ravager  
Tags
 
Add a new tag
Caveats
  • Supply blocks, unpowered buildings, or Contaminate may cause inaccurate times.
  • Supply counts are checked every 10 seconds.